Map: Curious Minds LE

Players

DPGZest (Zest) - Winner!

  • Race: Protoss Protoss
  • Spawn Location: 5:00

ByuN

  • Race: Terran Terran
  • Spawn Location: 11:00

VOD

Have the link to the VOD?

Description

Time

  • Played on: April 27, 2022, 4:25 a.m.
  • Length: 13:59
Show
View Real Time Build Order
Export as new Build Order

DPGZest Protoss - Winner!

Build Orders: 1 Gate Expand, Blink Stalkers 

Get SALT Encoding   

  12  0:00  Probe  
  13  0:12  Probe  
  14  0:17  Pylon  
  14  0:24  Probe (Chrono Boost)  
  15  0:36  Probe (Chrono Boost)  
  15  0:37  Gateway  
  16  0:44  Probe (Chrono Boost)  
  16  0:47  Assimilator  
  17  0:51  Probe  
  18  1:03  Probe  
  19  1:15  Probe  
  20  1:24  Cybernetics Core, Zealot  
  22  1:38  Nexus  
  22  1:44  Pylon  
  22  1:48  Probe  
  22  1:52  Assimilator  
  23  1:59  Stalker (Chrono Boost)  
  23  2:03  Warp Gate (Chrono Boost), Probe  
  26  2:15  Probe  
  27  2:22  Twilight Council  
  27  2:27  Probe  
  28  2:30  Stalker  
  30  2:42  Gateway  
  30  2:46  Probe  
  31  2:52  Probe  
  31  2:53  Blink (Chrono Boost)  
  32  3:01  Probe  
  32  3:04  Probe  
  34  3:06  Stalker (Chrono Boost)  
  36  3:13  Probe  
  36  3:16  Probe  
  38  3:25  Probe  
  39  3:28  Probe, Robotics Facility  
  39  3:32  Pylon  
  40  3:37  Probe  
  41  3:45  Stalker x2  
  41  3:46  Probe  
  46  3:52  Probe  
  47  3:58  Probe  
  48  4:04  Probe  
  44  4:10  Probe  
  44  4:14  Stalker x2  
  44  4:16  Probe  
  50  4:22  Observer (Chrono Boost), Probe  
  52  4:27  Observer  
  52  4:28  Probe  
  52  4:34  Observer  
  52  4:35  Probe  
  51  4:40  Probe  
  53  4:47  Probe, Pylon, Observer  
  54  5:01  Nexus  
  54  5:03  Pylon  
  54  5:05  Probe  
  55  5:08  Probe  
  56  5:17  Probe (Chrono Boost)  
  56  5:21  Probe (Chrono Boost)  
  58  5:22  Stalker x2  
  58  5:26  Assimilator  
  58  5:27  Assimilator  
  63  5:28  Probe (Chrono Boost)  
  63  5:30  Probe (Chrono Boost)  
  63  5:33  Probe (Chrono Boost)  
  65  5:36  Observer  
  65  5:37  Probe  
  65  5:39  Observer  
  65  5:42  Pylon  
  64  5:44  Probe  
  64  5:49  Probe  
  66  5:53  Robotics Bay  
  66  5:56  Probe  
  67  6:01  Stalker x2  
  71  6:04  Charge  
  71  6:06  Immortal (Chrono Boost)  
  73  6:13  Probe (Chrono Boost)  
  76  6:18  Probe x2 (Chrono Boost)  
  76  6:22  Probe (Chrono Boost)  
  78  6:26  Probe (Chrono Boost)  
  78  6:27  Gateway x2  
  78  6:31  Gateway  
  78  6:33  Probe x2  
  78  6:39  Colossus (Chrono Boost)  
  86  6:47  Observer  
  86  6:55  Shield Battery  
  86  6:57  Pylon  
  86  7:08  Pylon  
  86  7:10  Extended Thermal Lance  
  86  7:16  Stalker x2  
  86  7:21  Pylon  
  90  7:22  Pylon  
  90  7:26  Colossus (Chrono Boost)  
  90  7:35  Stalker x3  
  78  7:43  Stalker x2  
  76  7:45  Probe x2  
  78  7:57  Probe x2  
  78  7:58  Gateway  
  80  8:02  Probe  
  80  8:03  Pylon  
  81  8:07  Forge x2  
  81  8:09  Colossus (Chrono Boost), Probe  
  86  8:20  Gateway, Observer  
  86  8:24  Gateway, Probe x3, Assimilator  
  86  8:25  Assimilator  
  89  8:31  Shield Battery  
  89  8:32  Pylon  
  89  8:40  Protoss Ground Weapons Level 1 (Chrono Boost)  
  89  8:41  Protoss Ground Armor Level 1 (Chrono Boost)  
  88  8:52  Sentry x2  
  88  8:53  Sentry  
  88  8:54  Stalker  
  88  8:55  Stalker x2  
  100  8:56  Pylon  
  100  8:58  Immortal  
  104  9:09  Shield Battery  
  104  9:11  Shield Battery  
  104  9:14  Stalker  
  106  9:17  Stalker x2  
  106  9:18  Stalker x2  
  114  9:26  Photon Cannon  
  114  9:28  Shield Battery  
  114  9:32  Phoenix  
  114  9:35  Immortal (Chrono Boost)  
  118  9:41  Robotics Facility  
  118  9:47  Pylon  
  118  9:54  Stalker x2  
  118  9:55  Stalker, Zealot x5  
  118  9:59  Pylon  
  134  10:02  Pylon  
  134  10:06  Dark Shrine  
  138  10:16  Immortal (Chrono Boost)  
  137  10:24  Nexus  
  137  10:29  Protoss Ground Weapons Level 2 (Chrono Boost)  
  137  10:36  Immortal (Chrono Boost)  
  137  10:39  Protoss Ground Armor Level 2 (Chrono Boost)  
  140  10:45  Zealot x4  
  140  10:48  Pylon  
  148  10:55  Immortal  
  152  10:58  Pylon  
  152  10:59  Pylon  
  128  11:13  Zealot x6  
  140  11:36  Dark Templar x2  
  140  11:37  Dark Templar x5  
  118  12:05  Probe x4  
  122  12:09  Sentry  
  122  12:10  Sentry x2, Stalker x5  
  140  12:16  Observer x2, Gateway  
  140  12:17  Gateway  
  140  12:22  Archon x3  
  140  12:33  Warp Prism, Stalker x2  
  140  12:34  Stalker x2  
  151  12:37  Observer  
  151  12:42  Observer  
  151  12:45  Zealot x3  
  151  12:47  Zealot  
  156  13:20  Zealot x9  
  156  13:22  Probe x3  
  156  13:24  Pylon  
  175  13:30  Zealot  
  131  13:48  Zealot x4  
  131  13:49  Zealot x5  
Show
View Real Time Build Order
Export as new Build Order

ByuN Terran 

Build Orders: 1/1/1 

Get SALT Encoding   

  12  0:00  SCV  
  13  0:12  SCV  
  14  0:17  Supply Depot  
  14  0:24  SCV  
  15  0:38  SCV  
  15  0:40  Barracks  
  16  0:43  Refinery  
  16  0:50  SCV  
  16  0:54  Refinery  
  17  1:03  SCV  
  18  1:15  SCV  
  19  1:27  Marine  
  19  1:28  Orbital Command  
  19  1:31  Factory  
  20  1:45  Barracks Reactor  
  20  1:46  Supply Depot  
  20  1:55  SCV  
  21  2:07  SCV  
  22  2:14  Starport  
  22  2:19  SCV  
  22  2:20  Supply Depot  
  23  2:24  Hellion x2  
  27  2:31  SCV  
  28  2:43  SCV  
  29  2:45  Hellion  
  29  2:46  Hellion  
  29  2:51  Medivac  
  35  2:55  Supply Depot  
  35  3:07  Widow Mine x2  
  35  3:12  Armory  
  39  3:21  Medivac  
  41  3:28  Widow Mine x2  
  45  3:43  Command Center  
  45  3:48  Supply Depot  
  45  3:54  Starport Tech Lab  
  45  3:55  SCV  
  46  3:58  Marine  
  46  4:02  Factory Tech Lab  
  47  4:03  Marine  
  47  4:07  SCV  
  45  4:16  Marine  
  40  4:19  SCV  
  40  4:20  Marine  
  42  4:26  Raven  
  42  4:34  Marine  
  42  4:35  Siege Tank  
  42  4:37  SCV  
  47  4:38  Marine  
  48  4:51  SCV, Marine  
  46  4:55  Bunker  
  46  4:56  Marine  
  46  4:58  Orbital Command  
  47  5:03  SCV  
  48  5:09  Siege Tank  
  49  5:14  Marine x2  
  49  5:16  SCV  
  52  5:25  Supply Depot  
  52  5:27  SCV  
  52  5:28  SCV  
  54  5:39  SCV, Marine x2, Barracks  
  54  5:40  SCV  
  58  5:44  Siege Tank  
  58  5:47  Engineering Bay  
  61  5:51  SCV  
  61  5:52  SCV  
  61  5:54  Barracks  
  61  5:56  Refinery  
  63  6:01  Supply Depot, Marine  
  63  6:02  Marine  
  63  6:03  SCV  
  66  6:06  SCV  
  67  6:15  SCV  
  67  6:16  Terran Infantry Weapons Level 1  
  67  6:18  SCV  
  69  6:20  Marine x2  
  69  6:23  Siege Tank  
  69  6:24  Starport Reactor  
  74  6:27  SCV  
  74  6:30  Refinery  
  75  6:36  SCV  
  75  6:39  SCV  
  77  6:42  Marine x2  
  77  6:43  Marauder  
  77  6:44  Barracks Tech Lab, Stimpack  
  79  6:48  SCV  
  79  6:51  Supply Depot, SCV  
  79  7:00  SCV  
  79  7:03  Marauder, SCV  
  79  7:06  Marauder  
  79  7:07  Marine x2  
  86  7:12  Siege Tank  
  86  7:14  Supply Depot  
  87  7:16  Supply Depot  
  87  7:26  Marauder  
  87  7:27  Marauder  
  73  7:39  Marine  
  73  7:40  Marine  
  71  7:44  Siege Tank  
  71  7:50  Command Center  
  71  7:53  Combat Shield, Marauder x2  
  72  7:59  Medivac x2  
  72  8:00  Marine x2  
  76  8:08  SCV  
  76  8:09  SCV, Barracks  
  76  8:11  Barracks  
  78  8:14  Terran Infantry Armor Level 1  
  78  8:17  Marauder x2  
  78  8:19  Siege Tank  
  85  8:24  Concussive Shells  
  85  8:25  Terran Vehicle Weapons Level 1  
  85  8:26  SCV x2  
  87  8:36  Marine x2  
  87  8:38  Marauder x2  
  93  8:43  Ghost Academy  
  93  8:45  Supply Depot  
  93  8:46  Supply Depot, SCV  
  93  8:47  SCV  
  95  8:52  Medivac x2  
  95  8:53  Marine  
  95  8:54  Marine  
  101  8:58  SCV  
  101  8:59  SCV  
  101  9:00  Barracks Tech Lab  
  101  9:01  Barracks Tech Lab  
  101  9:02  Missile Turret  
  103  9:06  Missile Turret  
  103  9:11  SCV x2  
  103  9:13  Marauder x2  
  103  9:15  Marine x2  
  111  9:23  SCV x2  
  113  9:28  Orbital Command  
  113  9:32  Marauder x2  
  113  9:35  Marauder, Marine  
  120  9:40  Siege Tank  
  120  9:44  Marauder  
  126  9:49  Refinery x2  
  126  9:57  Marine x2  
  126  9:58  Ghost  
  126  9:59  Ghost x2  
  133  10:03  Supply Depot  
  133  10:08  SCV x2  
  133  10:09  SCV  
  133  10:12  Supply Depot  
  133  10:13  Supply Depot  
  136  10:20  Marauder, Siege Tank  
  141  10:25  Marine x2  
  141  10:26  Supply Depot  
  141  10:27  Supply Depot  
  143  10:30  Enhanced Shockwaves  
  143  10:40  Marauder  
  143  10:41  Marauder x3  
  151  10:43  Marine x2  
  151  10:46  Medivac  
  151  10:47  Medivac  
  157  10:51  Terran Infantry Weapons Level 2  
  157  11:02  Marauder x2  
  161  11:07  Marauder x2  
  152  11:11  Siege Tank  
  152  11:12  Marine x2  
  155  11:23  Marauder x2  
  159  11:28  Marauder  
  159  11:30  Marauder  
  160  11:43  Siege Tank  
  160  11:45  Marauder x2  
  164  11:50  Marauder  
  164  11:51  Marauder  
  112  12:06  Marine, Marauder x2  
  112  12:07  Marine  
  118  12:09  Missile Turret  
  118  12:11  Marauder  
  118  12:12  Marauder  
  122  12:27  Ghost x2  
  126  12:31  Marine x2, Ghost  
  126  12:32  Siege Tank  
  126  12:33  Ghost  
  135  12:38  SCV x2  
  135  12:39  SCV  
  138  12:47  Command Center  
  138  12:50  Marine x2  
  140  12:56  Marauder x2  
  144  13:01  Marauder  
  144  13:02  Medivac x2, Marauder  
  152  13:08  Marine  
  153  13:22  Marauder  
  153  13:23  Marauder x2  
  153  13:24  Marauder  
  153  13:25  Marine  
  153  13:26  Marine  
Tags
 
Add a new tag
Caveats
  • Supply blocks, unpowered buildings, or Contaminate may cause inaccurate times.
  • Supply counts are checked every 10 seconds.